 Dungeon Crawl Stone Soup version 0.26.1-11-gd32895ea62 (webtiles) character file.

Game seed: 17678940205556158226

160 phalm the Conjurer (level 5, -2/38 HPs)
             Began as a Demonspawn Conjurer on June 24, 2021.
             Shot with an arrow by a centaur (14 damage)
             ... on level 2 of the Dungeon.
             The game lasted 00:03:11 (2510 turns).

phalm the Conjurer (Demonspawn Conjurer)            Turns: 2510, Time: 00:03:12

Health: -2/38      AC:  4    Str:  8    XL:     5   Next: 17%
Magic:  7/9        EV: 12    Int: 20    God:
Gold:   178        SH:  0    Dex: 11    Spells: 2/9 levels left

rFire    . . .     SeeInvis .   i - -3 mace (curse)
rCold    . . .     Faith    .   (no shield)
rNeg     . . .     Spirit   .   a - +0 robe
rPois    .         Reflect  .   (no helmet)
rElec    .         Harm     .   (no cloak)
rCorr    .         Rampage  .   (no gloves)
Will     .....                  (no boots)
Stlth    ++........             (no amulet)
HPRegen  0.12/turn              (no ring)
MPRegen  0.11/turn              (no ring)

@: no status effects
A: icy blue scales 1
a: no special abilities


You were on level 2 of the Dungeon.
You visited 1 branch of the dungeon, and saw 2 of its levels.

You collected 178 gold pieces.


Innate Abilities, Weirdness & Mutations

You are partially covered in icy blue scales. (AC +2)


   Skills:
 + Level 2.1 Fighting
 - Level 1.7 Dodging
 - Level 1.7 Stealth
 + Level 2.9 Spellcasting
 + Level 5.1 Conjurations
 * Level 1.5 Translocations


You had 2 spell levels left.
You knew the following spells:

 Your Spells              Type           Power        Failure   Level
m - Magic Dart            Conj           92%          1%          1
s - Searing Ray           Conj           46%          2%          2
X - Iskenderun's Mystic   Conj/Tloc      16%          36%         4

Your spell library contained the following spells:

 Spells                   Type           Power        Failure   Level
 Dazzling Flash           Conj/Hex       26%          16%         3
 Fulminant Prism          Conj/Hex       6%           45%         4

Inventory:

Hand Weapons
 f - a +0 club
   (You took it off a hobgoblin on level 1 of the Dungeon)
 i - a cursed -3 mace (weapon)
   (You found it on level 1 of the Dungeon)
Missiles
 b - 44 bolts
 c - 60 stones (quivered)
 j - 82 arrows
Armour
 a - a +0 robe (worn)
Jewellery
 O - a +4 ring of protection
   (You took it off a goblin on level 2 of the Dungeon)
Scrolls
 d - 4 scrolls of remove curse {unknown}
 g - 4 scrolls of identify {unknown}
 h - 2 scrolls of teleportation {unknown}
 k - a scroll of magic mapping {unknown}
 m - a scroll of amnesia {unknown}
Potions
 e - 2 potions of flight {unknown}
 l - a potion of invisibility {unknown}

Dungeon Overview and Level Annotations

Branches:
Dungeon (2/15)

Altars:
Fedhas
Kikubaaqudgha
Qazlal

#.#.......#........
##.##.....##....##..
#..####.####....##..
#............#####).
#.#..##..)........##
#..(.############...
##.(>...............
######...###.###########
.......@.....##.#.#.####
######.....###.⌠.#.⌠.#..
#.†...##.#.#.#.#.#.
#.....#...#.⌠.#.⌠.#
#.c...#⌠.⌠.#.#.#.#.
#.....#._...#.⌠.#.⌠
##....#⌠.⌠.#.#.#.#.
#....#...#.⌠.#.⌠.#
##.#.#.#.#.#.


You could see a centaur.


Message History

Casting: Magic Dart (safe; 1% risk of failure)
Confirm with . or Enter, or press ? or * to list all spells.
You can't see any susceptible monsters within range! (Use Z to cast anyway.)
There is a dry fountain here.
There is a dry fountain here.
There is a dry fountain here.
There is a dry fountain here.
There is an open gate here.
There is an open door here.
A hobgoblin comes into view. 😎 MP[+2]
Your mp is fully restored (9).
Casting: Magic Dart (safe; 1% risk of failure)
Confirm with . or Enter, or press ? or * to list all spells.
Aiming: Magic Dart (safe; 1% risk of failure)
Press: ? - help, Shift-Dir - straight line, f - hobgoblin
Aim: a hobgoblin (asleep, 0% to evade)
The magic dart hits the hobgoblin.
You kill the hobgoblin! 😎 MP[-1]
You lost 1 mp, and now have 8/9 mp.
Casting: Magic Dart (safe; 1% risk of failure)
Confirm with . or Enter, or press ? or * to list all spells.
You can't see any susceptible monsters within range! (Use Z to cast anyway.)
A hobgoblin comes into view. It is wielding a +0 club.
You see here a scroll labelled WULE DIEV. 😎 MP[+1]
Your mp is fully restored (9).
Casting: Magic Dart (safe; 1% risk of failure)
Confirm with . or Enter, or press ? or * to list all spells.
Aiming: Magic Dart (safe; 1% risk of failure)
Press: ? - help, Shift-Dir - straight line, f - hobgoblin
Aim: a hobgoblin, wielding a +0 club (asleep, 0% to evade)
The magic dart hits the hobgoblin but does no damage. 😎 MP[-1]
You lost 1 mp, and now have 8/9 mp.
Casting: Magic Dart (safe; 1% risk of failure)
Confirm with . or Enter, or press ? or * to list all spells.
Aiming: Magic Dart (safe; 1% risk of failure)
Press: ? - help, Shift-Dir - straight line, f/p - hobgoblin
Aim: a hobgoblin, wielding a +0 club (0% to evade)
The magic dart hits the hobgoblin. 😎 MP[-1]
You lost 1 mp, and now have 7/9 mp.
Casting: Magic Dart (safe; 1% risk of failure)
Confirm with . or Enter, or press ? or * to list all spells.
Aiming: Magic Dart (safe; 1% risk of failure)
Press: ? - help, Shift-Dir - straight line, f/p - hobgoblin
Aim: a hobgoblin, wielding a +0 club (almost dead, 0% to evade)
The magic dart hits the hobgoblin.
You kill the hobgoblin! 😎 MP[-1]
You lost 1 mp, and now have 6/9 mp.
g - 4 scrolls labelled WULE DIEV (gained 1)
Things that are here:
a +0 club; a hobgoblin corpse; 😎 MP[+3]
Your mp is fully restored (9).
l - a yellow potion You now have 172 gold pieces (gained 16).
Found a blossoming altar of Fedhas.
b - 44 bolts (gained 20)
c - 60 stones (gained 16)
Found a stone staircase leading down.
m - a scroll labelled IPNEDD XEOWERCH A bat comes into view.
Casting: Magic Dart (safe; 1% risk of failure)
Confirm with . or Enter, or press ? or * to list all spells.
Aiming: Magic Dart (safe; 1% risk of failure)
Press: ? - help, Shift-Dir - straight line, f - bat
Aim: a bat (asleep, 0% to evade)
The magic dart hits the bat.
You kill the bat! 😎 MP[-1]
You lost 1 mp, and now have 8/9 mp.
You now have 178 gold pieces (gained 6).
A centaur comes into view.
The centaur shouts!
The centaur wields a +3 vorpal shortbow.
The centaur shoots an arrow.
The arrow hits you!
You see here an arrow. 😮 HP[-16] MP[+1]
You take 16 damage, and now have 22/38 hp.
MASSIVE DAMAGE!! (PAUSE)
Your mp is fully restored (9).
The centaur shoots an arrow.
The arrow misses you.
Casting: Magic Dart (safe; 1% risk of failure)
Confirm with . or Enter, or press ? or * to list all spells.
You can't see any susceptible monsters within range! (Use Z to cast anyway.)
The centaur shoots an arrow.
The arrow closely misses you.
Casting: Magic Dart (safe; 1% risk of failure)
Confirm with . or Enter, or press ? or * to list all spells.
Aiming: Searing Ray (safe; 2% risk of failure)
Press: ? - help, Shift-Dir - straight line, f - centaur
Aim: a centaur, wielding a +3 vorpal shortbow and quivering 10 arrows (13% to evade)
The searing ray hits the centaur. (Press . to maintain the ray.)
The centaur shoots an arrow.
The arrow hits you!
* * * LOW HITPOINT WARNING * * *
x2 The centaur shoots an arrow.
The arrow hits you!
You die...

Skill      XL: |  1  2  3  4 |
---------------+-------------+-----
Fighting       | 1 2 |  2.1
Conjurations   | 5 |  5.1
Translocations | 1 |  1.5
Dodging        | |  1.7
Stealth        | |  1.7
Spellcasting   | |  2.9

Action                   |  1- 3 |  4- 6 || total
-------------------------+-------+-------++-------
Melee: Unarmed           |     2 |       ||     2
       Mace              |    23 |       ||    23
Throw: Stone             |     2 |       ||     2
 Cast: Magic Dart        |    71 |    30 ||   101
       Searing Ray       |     1 |     1 ||     2
Armor: Robe              |     9 |     5 ||    14
Dodge: Dodged            |    34 |    17 ||    51

Levels and vault maps discovered:
D:1:      matt_arrival_los_fun, layout_basic, nrook_mini_vaults
D:2:      layout_basic, old_standard_altar, kennysheep_vampire_church,
          chequers_ecumenical_altar_grove, nicolae_qazlal_style_of_elements

Notes
Turn   | Place    | Note
-------+----------+-------------------------------------------
     0 | D:1      | phalm the Demonspawn Conjurer began the quest for the Orb.
     0 | D:1      | Reached XP level 1. HP: 13/13 MP: 3/3
     0 | D:1      | magus.rc [v1.9.10]
   430 | D:1      | Gained mutation: You are partially covered in icy blue
                  | scales. (AC +2) [demonic ancestry]
   430 | D:1      | Reached XP level 2. HP: 20/20 MP: 3/5
   566 | D:1      | Learned a level 2 spell: Searing Ray
  1311 | D:2      | Reached skill level 1 in Fighting
  1478 | D:2      | Reached XP level 3. HP: 26/26 MP: 3/6
  1810 | D:2      | Found a stormy altar of Qazlal.
  1811 | D:2      | Noticed an air elemental
  1812 | D:2      | Noticed an earth elemental
  1812 | D:2      | Noticed a fire elemental
  1812 | D:2      | Noticed a water elemental
  1913 | D:2      | Reached XP level 4. HP: 32/32 MP: 5/7
  1960 | D:2      | Learned a level 4 spell: Iskenderun's Mystic Blast
  2176 | D:2      | Found an ancient bone altar of Kikubaaqudgha.
  2184 | D:2      | Reached skill level 5 in Conjurations
  2184 | D:2      | Reached skill level 1 in Translocations
  2267 | D:2      | Reached skill level 2 in Fighting
  2267 | D:2      | Reached XP level 5. HP: 34/38 MP: 0/9
  2464 | D:2      | Found a blossoming altar of Fedhas.
  2507 | D:2      | Noticed a centaur
  2510 | D:2      | Shot with an arrow by a centaur

Vanquished Creatures
  2 vampire bats (D:2)
  2 adders (D:2)
  2 oozes (D:2)
  A leopard gecko (D:1)
  3 bat skeletons (D:2)
  2 bat zombies (D:2)
  4 giant cockroaches
  7 goblins
  7 hobgoblins
  2 jackals (D:2)
  3 kobolds
  A quokka (D:2)
  6 bats
  5 frilled lizards
  4 rats
51 creatures vanquished.

Table legend:
 A = Non-vault XP
 B = Vault XP
 C = Vault XP percentage of total XP
 D = Non-vault monster count
 E = Vault monster count
 F = Vault count percentage of total count
                 A         B        C        D         E       F
            +---------+---------+-------+---------+---------+-------
      Total |     105 |     124 |  54.1 |      44 |       7 |  13.7
            +---------+---------+-------+---------+---------+-------
        D:1 |      27 |       0 |   0.0 |      15 |       0 |   0.0
        D:2 |      78 |     124 |  61.4 |      29 |       7 |  19.4
            +---------+---------+-------+---------+---------+-------

Illustrated notes

Table legend:
 A = Kills in this place as a percentage of kills in entire the game.
 B = Kills by you in this place as a percentage of kills by you in the entire game.
 C = Kills by friends in this place as a percentage of kills by friends in the entire game.
 D = Other kills in this place as a percentage of other kills in the entire game.
 E = Experience gained in this place as a percentage of experience gained in the entire game.
 F = Experience gained in this place divided by the number of levels of this place that you have seen.
                   A       B       C       D       E      F
               +-------+-------+-------+-------+-------+----------------------
         Total | 100.0 | 100.0 |   N/A |   N/A | 100.0 | 114.5
       Dungeon | 100.0 | 100.0 |   N/A |   N/A | 100.0 | 114.5
               +-------+-------+-------+-------+-------+----------------------

Table legend: (Time is in decaauts)
 A = Elapsed time spent in this place.
 B = Non-inter-level travel time spent in this place.
 C = Inter-level travel time spent in this place.
 D = Time resting spent in this place.
 E = Time spent auto-exploring this place.
 F = Levels seen in this place.
 G = Mean time per level.
                   A        B        C        D        E       F      G
               +--------+--------+--------+--------+--------+-----+--------+
         Total |   2518 |   2494 |     24 |      0 |   2217 |   2 | 1259.0 |
       Dungeon |   2518 |   2494 |     24 |      0 |   2217 |   2 | 1259.0 |
               +--------+--------+--------+--------+--------+-----+--------+

Top non-repeatable levels by time:
     D:2: 1401 daAuts
     D:1: 1117 daAuts
